 Dungeon Crawl Stone Soup version 0.28.0-1-gb440e238dd (webtiles) character file.

Game seed: 8016610780915083996

401 Jepp2078 the Ruffian (level 6, -3/61 HPs)
             Began as a Troll Monk on Feb 21, 2022.
             Was a Follower of Ru.
             Killed by nerve-wracking pain
             ... invoked by an orc priest
              (14 damage)
             ... on level 4 of the Dungeon.
             The game lasted 00:04:27 (2045 turns).

Jepp2078 the Ruffian (Troll Monk)                   Turns: 2045, Time: 00:04:28

Health: -3/61      AC:  4    Str: 22    XL:     6   Next: 54%
Magic:  14/14      EV: 10    Int:  6    God:    Ru [*.....]
Gold:   64         SH:  0    Dex: 12    Spells: 5/5 levels left

rFire   . . .      SeeInvis .     - Unarmed
rCold   . . .      Faith    .   (no shield)
rNeg    . . .      Spirit   .   a - +0 robe
rPois   .          Reflect  .   (helmet restricted)
rElec   .          Harm     .   (no cloak)
rCorr   .          Rampage  .   (gloves unavailable)
Will    .....                   (boots unavailable)
Stlth   ++........              (no amulet)
HPRegen 1.00/turn               f - ring of flight
MPRegen 0.14/turn               g - ring of magical power

@: flying
A: large, unfitting armour, claws 3, regeneration 1, shaggy fur 1, tough skin 1,
hated by all
a: Renounce Religion


You were on level 4 of the Dungeon.
You worshipped Ru.
Ru was aware of your devotion.
You visited 1 branch of the dungeon, and saw 4 of its levels.

You collected 64 gold pieces.

Inventory:

Missiles
 c - 3 boomerangs (quivered)
 h - a throwing net
Armour
 a - a +0 robe (worn)
Jewellery
 f - a ring of flight (left claw)
 g - a ring of magical power (right claw)
Scrolls
 e - 2 scrolls of vulnerability {unknown}
 k - a scroll of teleportation {unknown}
 l - a scroll of silence {unknown}
 p - a scroll of enchant weapon {unknown}
 q - a scroll of acquirement {unknown}
Potions
 b - 2 potions of curing {unknown}
 d - a potion of might {unknown}
 i - a potion of resistance {unknown}
 j - a potion of ambrosia {unknown}
 m - a potion of lignification {unknown}
 n - a potion of invisibility {unknown}
 o - a potion of attraction {unknown}


   Skills:
 - Level 3.1 Fighting
 - Level 3.1 Dodging
 - Level 1.7 Stealth
 + Level 6.0 Unarmed Combat


You had 5 spell levels left.
You didn't know any spells.
Your spell library contained the following spells:

 Spells                   Type           Power      Damage    Failure   Level
 Foxfire                  Conj/Fire      0%         2x1d4     45%         1
 Conjure Flame            Conj/Fire      0%         6-21      83%         3
 Inner Flame              Hex/Fire       0%         N/A       83%         3
 Flame Wave               Conj/Fire      0%         2d4       99%         4


Dungeon Overview and Level Annotations

Branches:
Dungeon (4/15)
 Temple: D:4-7

Altars:
Ru

Shops:
D:2 =


Innate Abilities, Weirdness & Mutations

You are too large for most types of armour.
You have claws for hands.
Your natural rate of healing is unusually fast.
You are covered in fur. (AC +1)
You have tough skin. (AC +1)
You are hated by all.


Message History

The orc priest is heavily wounded.
The orc hits you with a +0 short sword.
The kobold hits you with a +0 short sword.
The orc priest calls down the wrath of Beogh upon you.
Pain shoots through your body!
You redirect the orc's attack!
The orc misses itself.
The orc priest calls upon Beogh to heal the orc priest.
The orc priest is healed somewhat.
The kobold is stunned by your conviction and fails to attack.
The orc priest invokes the aid of Beogh against you.
Pain shoots through your body!
You closely miss the orc priest.
The orc priest is lightly wounded.
You scratch the orc priest.
The orc priest is moderately wounded.
The orc priest barely misses you.
The orc priest invokes the aid of Beogh against you.
Beogh smites you!
You claw the orc priest!
You kill the orc priest!
Your Unarmed Combat skill increases to level 6!
You scratch the kobold.
You kill the kobold!
The orc priest invokes the aid of Beogh against you.
Beogh smites you!
* * * LOW HITPOINT WARNING * * *
The orc hits you with a +0 short sword.
* * * LOW HITPOINT WARNING * * *
Items here: ( )) [ ††.
You scratch the orc.
The orc is heavily wounded.
The orc hits you with a +0 short sword.
* * * LOW HITPOINT WARNING * * *
You mangle the orc!!
You kill the orc!
You closely miss the orc priest.
The orc priest calls down the wrath of Beogh upon you.
Pain shoots through your body!
You die...

.# .# .. .#
########.#
.........
........########
...<...).o@....#
......†.###....#
........# #....#
........#
#....#######
........#
####........
........#
#....######
........#
#...[.....#
#########
#....####.
##########'#.....#


You could see an orc priest.

Vanquished Creatures
  An ogre (D:2)
  4 orc priests (D:4)
  Jessica (D:2)
  Robin (D:1)
  5 adders
  An adder skeleton (D:3)
  4 dart slugs
  12 orcs
  8 ball pythons
  4 endoplasms
  2 giant cockroaches
  11 hobgoblins
  7 kobolds
  6 bats
  2 frilled lizards
  16 goblins
  6 rats
91 creatures vanquished.

Vanquished Creatures (others)
  A plant (D:4)
1 creature vanquished.

Grand Total: 92 creatures vanquished

Notes
Turn   | Place    | Note
-------+----------+-------------------------------------------
     0 | D:1      | Jepp2078 the Troll Monk began the quest for the Orb.
     0 | D:1      | Reached XP level 1. HP: 22/22 MP: 0/0
   105 | D:1      | Reached XP level 2. HP: 29/29 MP: 1/1
   419 | D:2      | Found Museseg's Jewellery Shoppe.
   464 | D:2      | Noticed Jessica
   475 | D:2      | Killed Jessica
   476 | D:2      | Reached XP level 3. HP: 25/36 MP: 2/2
   504 | D:2      | Noticed an ogre
   509 | D:2      | Killed an ogre
   510 | D:2      | Reached XP level 4. HP: 38/45 MP: 3/3
   510 | D:2      | Reached XP level 5. HP: 45/53 MP: 4/4
   615 | D:2      | Noticed Robin
   684 | D:2      | Reached skill level 4 in Unarmed Combat
   686 | D:1      | Killed Robin
  1140 | D:3      | Found a sacrificial altar of Ru.
  1320 | D:3      | Reached skill level 5 in Unarmed Combat
  1435 | D:3      | Became a worshipper of Ru the Awakened
  1451 | D:3      | Gained mutation: You are hated by all. [Ru sacrifice]
  1451 | D:3      | Reached * piety under Ru
  1873 | D:4      | Reached XP level 6. HP: 56/61 MP: 5/5
  2041 | D:4      | Reached skill level 6 in Unarmed Combat
  2045 | D:4      | Killed from afar by an orc priest

Illustrated notes

Levels and vault maps discovered:
D:1:      minmay_arrival_diagonal_passages, layout_rooms
D:2:      layout_basic, serial_shops, shop, uniq_robin, uniq_jessica
D:3:      layout_loops_ring, nicolae_ru_the_path_less_chosen, minivault_5
D:4:      layout_basic, serial_bayou_pond_a

Skill      XL: |  1  2  3  4  5  6 |
---------------+-------------------+-----
Fighting       | 3 |  3.1
Dodging        | 3 |  3.1
Unarmed Combat | 5 6 |  6.0
Stealth        | |  1.7

Action                   |  1- 3 |  4- 6 || total
-------------------------+-------+-------++-------
Melee: Unarmed           |    65 |   158 ||   223
       Punch             |     2 |     4 ||     6
Invok: Sacrifice Love    |       |     1 ||     1
 Stab: Sleeping          |     2 |     7 ||     9
       Distracted        |       |     1 ||     1
Armor: Robe              |    20 |    36 ||    56
Dodge: Dodged            |    30 |    90 ||   120
